 Dungeon Crawl Stone Soup version 0.29-a0-283-ga02f740833 (webtiles) character file.

Game seed: 2637873495739901207

1126 mdonais the Sneak (level 8, 0/54 HPs)
             Began as an Octopode Brigand on Mar 13, 2022.
             Was an Initiate of Yredelemnul.
             Slain by a lemure (8 damage)
             ... led by Pikel
             ... on level 6 of the Dungeon on Mar 14, 2022.
             The game lasted 00:24:02 (5757 turns).

mdonais the Sneak (Octopode Brigand)                Turns: 5757, Time: 00:24:04

Health: 0/54       AC:  1    Str: 10      XL:     8   Next: 35%
Magic:  10/10      EV: 13    Int: 14 (16) God:    Yredelemnul [......]
Gold:   63         SH:  6    Dex: 20 (21) Spells: 6/7 levels left

rFire   + . .      SeeInvis +   p - +4 dagger of Due Proportion {venom, rF+}
rCold   . . .      Faith    .   f - +0 buckler
rNeg    . . .      Spirit   .   (helmet restricted)
rPois   +          Reflect  .   l - amulet of the Shining Light {rPois Regen+ Int+3}
rElec   .          Harm     .   g - ring of resist corrosion
rCorr   +          Rampage  .   k - ring of Amorality {Dex+5 SInv}
Will    .....                   (no ring)
Stlth   ++++......              (no ring)
HPRegen 0.98/turn               (no ring)
MPRegen 0.12/turn               (no ring)
                                (no ring)
                                (no ring)

@: no status effects
A: almost no armour, amphibious, 8 rings, camouflage 1, gelatinous body 1,
(nimble swimmer 1), tentacles, deterioration 1, poison resistance
a: Renounce Religion, Recall Undead Harvest


You were on level 6 of the Dungeon.
You worshipped Yredelemnul.
Yredelemnul was noncommittal.
You visited 2 branches of the dungeon, and saw 7 of its levels.

You collected 287 gold pieces.
You spent 224 gold pieces at shops.

Inventory:

Hand Weapons
 a - a +0 scimitar
   (You found it on level 3 of the Dungeon)
 p - the +4 dagger of Due Proportion (weapon) {venom, rF+}
   (You found it on level 3 of the Dungeon)

   It poisons the flesh of those it strikes.
   rF:        It protects you from fire.
 q - a +0 trident
   (You took it off an orc on level 3 of the Dungeon)
 u - a +0 rapier
   (You found it on level 3 of the Dungeon)
 y - a +0 fustibalus
   (You took it off a goblin on level 3 of the Dungeon)
 B - a +0 vorpal spear
   (You found it on level 5 of the Dungeon)
Missiles
 b - 8 poisoned darts (quivered)
 c - 134 stones
 t - a boomerang
 F - 2 curare-tipped darts
Armour
 f - a +0 buckler (worn)
   (You found it on level 1 of the Dungeon)
 s - a +0 tower shield
   (You found it on level 3 of the Dungeon)
Jewellery
 g - a ring of resist corrosion (left tentacle)
   (You found it on level 4 of the Dungeon)
 k - the ring of Amorality (right tentacle) {Dex+5 SInv}
   (You found it on level 5 of the Dungeon)

   [ring of see invisible]

   Dex:       It affects your dexterity (+5).
   SInv:      It lets you see invisible.
 l - the amulet of the Shining Light (around mantle) {rPois Regen+ Int+3}
   (You acquired it on level 5 of the Dungeon)

   [amulet of regeneration]

   Int:       It affects your intelligence (+3).
   rPois:     It protects you from poison.
   Regen:     It increases your rate of health regeneration.
Wands
 x - a wand of polymorph (8)
   (You took it off Robin on level 3 of the Dungeon)
 I - a wand of iceblast (20)
   (You took it off Ijyb on level 3 of the Dungeon)
Scrolls
 e - 3 scrolls of brand weapon {unknown}
 h - a scroll of torment
 i - 3 scrolls of teleportation {unknown}
 j - a scroll of vulnerability
 m - a scroll of noise
 w - a scroll of amnesia
 z - a scroll of enchant armour {unknown}
Potions
 d - 3 potions of mutation
 o - 2 potions of brilliance
 r - a potion of magic {unknown}
 v - 2 potions of berserk rage {unknown}
 A - 2 potions of heal wounds
 C - a potion of invisibility
 H - 2 potions of haste
 Q - 3 potions of curing


   Skills:
 * Level 4.9 Fighting
 * Level 4.9 Short Blades
 - Level 3.0 Throwing
 + Level 2.5 Dodging
 - Level 6.0 Stealth
 - Level 4.0 Shields
 + Level 0.0 Spellcasting
 * Level 0.0 Conjurations
 * Level 0.0 Air Magic
 + Level 3.3 Invocations
 + Level 2.3 Evocations


You had 6 spell levels left.
You knew the following spells:

 Your Spells              Type           Power      Damage    Failure   Level
a - Shock                 Conj/Air       0%         1d3       36%         1

Your spell library contained the following spells:

 Spells                   Type           Power      Damage    Failure   Level
 Dazzling Flash           Conj/Hex       0%         N/A       73%         3
 Swiftness                Air            0%         N/A       73%         3
 Airstrike                Air            0%         N/A       98%         4
 Agony                    Necr           0%         N/A       100%        5
 Silence                  Hex/Air        0%         N/A       100%        5


Dungeon Overview and Level Annotations

Branches:
Dungeon (6/15)             Temple (1/1) D:4

Altars:
Ashenzari
Cheibriados
Dithmenos
Elyvilon
Fedhas
Gozag
Kikubaaqudgha
Qazlal
Ru
Trog
Uskayaw
Wu Jian
Xom
Yredelemnul
Zin
The Shining One

Shops:
D:4 !

Annotations:
D:6 Maggie, Pikel


Innate Abilities, Weirdness & Mutations

You cannot wear most types of armour.
You are amphibious.
You can wear up to eight rings at the same time.
Your skin changes colour to match your surroundings (Stealth+).
Your rubbery body absorbs attacks. (AC +1, EV +1)
((You are camouflaged when in or above water. (Stealth+)))
You have tentacles for arms and can constrict up to eight enemies at once.
Your body sometimes deteriorates upon taking damage.
Your system is resistant to poisons. (rPois)


Message History

You hit the orc.
The orc is poisoned.
You grab the orc. Your squeeze misses the orc.
The orc is heavily wounded.
You constrict the orc. You block the orc's attack.
The orc hits you with a +0 war axe!
Your body deteriorates!
You feel dopey.
The orc hits your orc wizard zombie with a +0 club.
You take 10 damage, and have 44/54 hp.
You puncture the orc!
You kill the orc!
A black mist starts to gather...
The orc hits your orc wizard zombie with a +0 club.
The orc barely misses you.
The orc wizard gestures at you while chanting.
The puff of flame misses you.
Your orc wizard zombie hits the orc.
You puncture the orc!
You kill the orc!
A black mist starts to gather...
The orc wizard points at you and mumbles some strange words.
You are confused.
The orc hits your orc wizard zombie with a +0 club.
Your orc wizard zombie hits the orc.
The orc hits your orc wizard zombie with a +0 club.
The orc wizard points at you and mumbles some strange words.
The magic dart hits your bullfrog zombie!
Your bullfrog zombie hits the orc wizard.
Your orc wizard zombie barely misses the orc.
The orc wizard hits your bullfrog zombie with a +0 dagger.
The orc hits your orc wizard zombie with a +0 club.
Your bullfrog zombie hits the orc wizard.
The orc hits your orc wizard zombie with a +0 club.
Your bullfrog zombie hits the orc wizard.
The orc wizard hits your bullfrog zombie with a +0 dagger.
Your bullfrog zombie is destroyed!
Your orc wizard zombie hits the orc.
The orc wizard casts a spell at you. The magic dart hits you!
The orc hits your orc wizard zombie with a +0 club.
Your orc wizard zombie hits the orc.
You take 10 damage, and have 38/54 hp.
Your orc zombie barely misses the orc wizard.
The orc wizard points at you and mumbles some strange words.
The puff of flame hits your orc zombie!
Your orc zombie is destroyed!
The orc barely misses your orc wizard zombie.
You feel less confused.
Your orc wizard zombie hits the orc.
The orc hits your orc wizard zombie with a +0 club.
Your orc zombie barely misses the orc wizard.
Your orc wizard zombie completely misses the orc.
The orc barely misses your orc wizard zombie.
The orc wizard hits you with a +0 dagger.
Your orc zombie hits the orc wizard but does no damage.
You take 4 damage, and have 36/54 hp.
You hit the orc wizard.
The orc wizard is poisoned.
You grab the orc wizard.
The orc wizard is almost dead.
You constrict the orc wizard.
You kill the orc wizard!
A black mist starts to gather...
Your orc wizard zombie barely misses the orc.
The orc closely misses your orc wizard zombie.
The orc completely misses your orc wizard zombie.
You see here a +0 war axe.
Your orc wizard zombie hits the orc.
The orc hits your orc wizard zombie with a +0 club.
Your orc wizard zombie is destroyed!
The orc hits your orc wizard zombie with a +0 club.
Your orc wizard zombie hits the orc.
The orc hits your orc wizard zombie with a +0 club.
You hit the orc.
You kill the orc!
You see here a +0 club.
Items here: )) [[.
You start resting.
HP restored.
Health restored: 54 Memorise Shock, consuming 1 spell level and leaving 6?
You start memorising the spell.
You continue memorising.
You finish memorising.
Spell assigned to 'a'.
You swap places.
You see here a +0 club.
You open the door.
There is an open door here.
H - 2 potions of haste (gained 1) Maggie the Vainglorious comes into view.
She is wielding a +0 halberd of distortion and carrying a wand of charming (9).
Okay, then.
Press: ? - help, v - describe, . - travel
Here: Maggie, wielding a +0 halberd of distortion, wearing +0 acid dragon scales and carrying a wand of charming (9) (asleep)
The floor.
Placed new exclusion.
Unknown command.
You swap places.
There is an open door here.
There is an open door here.
You open the door.
There is an open door here.
You open the door.
There is an open door here. 2 lemures come into view.
A lemure comes into view.
A lemure comes into view.
Pikel, Merchant of Souls comes into view.
He is wielding a +1 whip of electrocution.
The lemure shouts!
Pikel shouts!
You hear a shout!
The lemure shouts!
The lemure attacks as you move away! You block the lemure's attack.
The lemure hits you!
You take 9 damage, and have 45/54 hp.
Okay, then.
You completely miss the lemure. You grab the lemure.
You constrict the lemure, but do no damage.
The lemure misses you. You block the lemure's attack.
You hit the lemure.
The lemure is lightly wounded.
You constrict the lemure, but do no damage.
The lemure closely misses you.
You hit Pikel. Your grab misses Pikel.
Pikel is lightly wounded.
You constrict the lemure. The lemure misses you.
You hit Pikel.
Pikel is poisoned.
You grab Pikel. You squeeze Pikel!
Pikel is heavily wounded.
You constrict Pikel. You constrict the lemure.
Your orc wizard zombie completely misses Pikel.
The lemure hits you.
Your body deteriorates!
You feel dopey. Pikel closely misses you.
You take 5 damage, and have 43/54 hp.
You hit Pikel but do no damage. You squeeze Pikel!
Pikel is severely wounded.
You constrict Pikel, but do no damage. You constrict the lemure. You hit Pikel.
Pikel looks as sick as possible!
You tentacle-slap Pikel, but do no damage.
Pikel is severely wounded.
You constrict Pikel, but do no damage. You constrict the lemure.
The lemure closely misses you. Pikel closely misses you.
The lemure barely misses your orc wizard zombie.
Your orc wizard zombie hits Pikel but does no damage.
You hit Pikel.
Pikel looks as sick as possible!
Pikel is almost dead.
You constrict Pikel, but do no damage. You constrict the lemure.
The lemure hits you.
Pikel hits you with a +1 whip of electrocution!
Your body deteriorates!
You feel clumsy.
You are electrocuted!!
* * * LOW HITPOINT WARNING * * *
The lemure barely misses your orc wizard zombie.
Your orc wizard zombie hits Pikel but does no damage.
You take 37 damage, and have 8/54 hp.
MASSIVE DAMAGE!!
You release your grip on Pikel.
You release your grip on the lemure.
The lemure attacks as you move away! The lemure hits you!
You die...
Your body rises from the dead as a mindless zombie.

#.....# #.....+ +.....#
#.....# #.....#
#+####.....# #...##5.##.#
##+###...##5.##.###
#........Z@K5....... ##..
#.........Z5........ ...
#..##..............
..######<.##..............
..#....#.Z.....##..##.....
..#....'.......##### ..##.
..#..###..##...# ###
..#..#######...# ..Z...#
#####


You could see Pikel (distracted, extremely poisoned), 4 lemures, a friendly orc
zombie and a friendly orc wizard zombie.

Vanquished Creatures
  Sigmund (D:5)
  2 ogres
  An ice beast (D:3)
  A bullfrog (D:6)
  2 scorpions
  2 orc priests
  A hound (D:4)
  Ijyb (D:3)
  Jessica (D:3)
  An iguana (D:5)
  2 orc wizards (D:6)
  Robin (D:3)
  5 adders
  4 gnolls (D:3)
  3 worms
  2 dart slugs
  16 orcs
  10 endoplasms
  3 giant cockroaches
  11 goblins
  7 hobgoblins
  4 jackals (D:1)
  6 quokkas
  7 ball pythons
  5 bats (D:1)
  2 frilled lizards (D:1)
  4 kobolds
  6 rats
111 creatures vanquished.

Vanquished Creatures (collateral kills)
  An ogre (D:4)
  A dart slug (D:3)
  An orc (D:5)
  An endoplasm (D:1)
  A quokka (D:3)
  A frilled lizard (D:1)
  A rat (D:3)
7 creatures vanquished.

Vanquished Creatures (others)
  A bullfrog zombie (D:6)
  An adder zombie (D:4)
  4 goblin zombies (D:3)
  A gnoll zombie (D:3)
  2 ball python zombies (D:3)
  2 dart slug zombies (D:3)
  2 giant cockroach zombies
  5 hobgoblin zombies (D:3)
  A human zombie (D:3)
  2 orc zombies (D:6)
  A quokka zombie (D:3)
  A rat zombie (D:3)
  3 spectral endoplasms
26 creatures vanquished.

Grand Total: 144 creatures vanquished

Notes
Turn   | Place    | Note
-------+----------+-------------------------------------------
     0 | D:1      | mdonais the Octopode Brigand began the quest for the Orb.
     0 | D:1      | Reached XP level 1. HP: 14/14 MP: 1/1
   179 | D:1      | Found a faded altar of an unknown god.
   229 | D:1      | Prayed at the altar of an unknown god.
   229 | D:1      | Became a worshipper of Yredelemnul the Dark
   229 | D:1      | Reached * piety under Yredelemnul
   465 | D:1      | Reached XP level 2. HP: 19/19 MP: 2/2
   558 | D:1      | Reached ** piety under Yredelemnul
   559 | D:1      | Reached skill level 1 in Shields
   667 | D:1      | Reached XP level 3. HP: 25/25 MP: 3/3
  1316 | D:2      | Found a shimmering altar of Xom.
  1336 | D:2      | Reached XP level 4. HP: 30/30 MP: 4/4
  1859 | D:3      | Noticed Jessica
  1889 | D:3      | Identified the +4 dagger of Due Proportion {venom, rF+}
  1954 | D:3      | Reached skill level 1 in Invocations
  1964 | D:3      | Reached XP level 5. HP: 13/36 MP: 5/5
  2188 | D:3      | Noticed Robin
  2274 | D:3      | Noticed Ijyb
  2490 | D:3      | Killed Ijyb
  2522 | D:3      | Found a sacrificial altar of Ru.
  2592 | D:3      | Your ally Ijyb died
  2798 | D:3      | Killed Jessica
  2919 | D:3      | Killed Robin
  2920 | D:3      | Your ally Jessica died
  2922 | D:3      | Your ally Robin died
  2976 | D:3      | Reached XP level 6. HP: 32/42 MP: 7/7
  3438 | D:3      | Noticed an ice beast
  3487 | D:3      | HP: 2/42 [ice beast (7)]
  3488 | D:3      | Gained mutation: Your body sometimes deteriorates upon
                  | taking damage. [potion of mutation]
  3488 | D:3      | Gained mutation: Your system is resistant to poisons.
                  | (rPois) [potion of mutation]
  3497 | D:3      | Killed an ice beast
  3898 | D:4      | Found a staircase to the Ecumenical Temple.
  3904 | Temple   | Entered the Ecumenical Temple
  4232 | D:4      | Reached XP level 7. HP: 47/47 MP: 8/8
  4288 | D:4      | Reached skill level 1 in Evocations
  4297 | D:4      | Found Jidafur's Distillery.
  4301 | D:4      | Bought a potion of heal wounds for 70 gold pieces
  4301 | D:4      | Bought a potion of curing for 42 gold pieces
  4734 | D:5      | Entered Level 5 of the Dungeon
  4734 | D:5      | Noticed Sigmund
  4743 | D:5      | Killed Sigmund
  4744 | D:5      | Reached skill level 6 in Stealth
  5060 | D:5      | Identified the ring of Amorality {Dex+5 SInv}
  5111 | D:5      | Reached XP level 8. HP: 54/54 MP: 10/10
  5146 | D:4      | Bought a potion of invisibility for 112 gold pieces
  5256 | D:5      | Identified a scroll of acquirement
  5259 | D:5      | Acquired the amulet of the Shining Light {rPois Regen+
                  | Int+3}
  5664 | D:6      | Learned a level 1 spell: Shock
  5697 | D:6      | Noticed Maggie
  5746 | D:6      | Noticed Pikel
  5757 | D:6      | Slain by a lemure

Illustrated notes

Levels and vault maps discovered:
D:1:      amcnicky_arrival_single_pillar, layout_basic,
          hellmonk_ecumenical_altar_zigzags
D:2:      layout_loops_ring, basic_altar
D:3:      minmay_skewed_foursquare, layout_basic, nicolae_ru_path_of_blood,
          chequers_serial_rivers_marsh, hex_tiny, mrwooster_statue_mirror,
          kennysheep_generic_room_13, uniq_ijyb, uniq_robin, uniq_jessica
D:4:      layout_basic, minmay_temple_entry_enclosed_plants, serial_shops, shop
D:5:      layout_cave_pods, uniq_sigmund
D:6:      layout_gridville, uniq_maggie, uniq_pikel, uniq_prince_ribbit1
Temple:   mainiacjoe_temple_bowtie_tessellation

Skill      XL: |  1  2  3  4  5  6  7  8 |
---------------+-------------------------+-----
Shields        | 1 2 3 4 |  4.0
Invocations    | 1 2 3 |  3.3
Fighting       | 3 4 |  4.9
Short Blades   | 3 4 |  4.9
Evocations     | 1 2 |  2.3
Dodging        | 2 |  2.5
Stealth        | 6 |  6.0
Throwing       | 3 |  3.0

Action                   |  1- 3 |  4- 6 |  7- 9 || total
-------------------------+-------+-------+-------++-------
Melee: Dagger            |    56 |    80 |    52 ||   188
       Constrict         |    11 |    15 |    15 ||    41
       Tentacles         |     8 |    11 |    12 ||    31
       Punch             |       |     1 |     1 ||     2
Throw: Dart              |       |    19 |    11 ||    30
       Boomerang         |       |    11 |       ||    11
       Stone             |       |     1 |       ||     1
Invok: Recall Undead Har |     1 |     3 |     1 ||     5
  Use: Potion            |       |     2 |       ||     2
       Scroll            |       |       |     7 ||     7
 Stab: Sleeping          |    15 |    12 |     7 ||    34
Armor: Skin              |     5 |     3 |       ||     8
Dodge: Dodged            |    31 |    35 |    23 ||    89
Block: Buckler           |     4 |    12 |    10 ||    26

Table legend: (Time is in decaauts)
 A = Elapsed time spent in this place.
 B = Non-inter-level travel time spent in this place.
 C = Inter-level travel time spent in this place.
 D = Time resting spent in this place.
 E = Time spent auto-exploring this place.
 F = Levels seen in this place.
 G = Mean time per level.
                   A        B        C        D        E       F      G
               +--------+--------+--------+--------+--------+-----+--------+
         Total |   5707 |   5416 |    291 |   1027 |   2892 |   7 |  815.3 |
       Dungeon |   5596 |   5318 |    278 |   1027 |   2804 |   6 |  932.7 |
        Temple |    111 |     98 |     13 |      0 |     88 |   1 |  111.0 |
               +--------+--------+--------+--------+--------+-----+--------+

Top non-repeatable levels by time:
     D:3: 1899 daAuts
     D:1: 1046 daAuts
     D:2: 848 daAuts
     D:4: 798 daAuts
     D:5: 758 daAuts
     D:6: 244 daAuts
  Temple: 111 daAuts
